 Dungeon Crawl Stone Soup version 0.31-a0-1074-g0b22e4e0f1 (webtiles) character file.

Game seed: 2765929892369252991

1229 Ekaitz the Zephyrmancer (level 8, -7/46 HPs)
             Began as a Tengu Air Elementalist on Dec 4, 2023.
             Mangled by a small abomination (11 damage)
             ... on level 4 of the Dungeon.
             The game lasted 00:09:50 (6935 turns).

Ekaitz the Zephyrmancer (Tengu Air Elementalist)    Turns: 6935, Time: 00:09:50

Health: -7/46      AC:  4    Str:  9    XL:     8   Next: 48%
Magic:  5/15       EV: 17    Int: 24    God:
Gold:   305        SH:  0    Dex: 14    Spells: 5/15 levels left

rFire   . . .        f - staff of cold
rCold   + . .        (no shield)
rNeg    . . .        a - +0 robe
rPois   .            (helmet restricted)
rElec   .            j - +0 cloak
rCorr   .            H - +0 pair of gloves
SInv    .            (boots unavailable)
Will    .....        (no amulet)
Stlth   ++           F - +6 ring of intelligence
HPRegen 0.27/turn    t - ring of wizardry
MPRegen 0.14/turn

%: acrobat, wizardry (x1)
@: flying
A: beak, talons 3, evasive flight, acrobatic
a: no special abilities


You were on level 4 of the Dungeon.
You visited 1 branch of the dungeon, and saw 6 of its levels.

You collected 305 gold pieces.

Inventory:

Hand Weapons
 s - a +4 quarterstaff of chaos
 z - the +0 trident of Xylaitoy {freeze, Dex+3}
   (You found it on level 5 of the Dungeon)

   Dex+3:     It affects your dexterity (+3).
 G - a +1 flail of draining
Missiles
 p - 8 poisoned darts
Armour
 a - a +0 robe (worn)
 h - a +0 buckler
 j - a +0 cloak (worn)
 H - a +0 pair of gloves (worn)
Magical Staves
 f - a staff of cold (weapon)
Jewellery
 t - a ring of wizardry (right hand)
 u - a ring of poison resistance
 C - the ring "Jogeok" {Fire Contam Str+5}
   (You found it on level 6 of the Dungeon)

   [ring of fire]

   Fire:      It enhances your fire magic.
   Str+5:     It affects your strength (+5).
   rF+:       It protects you from fire.
   rC-:       It makes you vulnerable to cold.
   Contam:    It causes magical contamination when unequipped.
 E - a +6 ring of strength
 F - a +6 ring of intelligence (left hand)
Wands
 v - a wand of iceblast (10)
 y - a wand of polymorph (10)
Scrolls
 c - a scroll of fog {unknown}
 e - a scroll of torment {unknown}
 k - a scroll of fear {unknown}
 l - 2 scrolls of enchant armour {unknown}
 m - a scroll of vulnerability {unknown}
 n - a scroll of amnesia {unknown}
 q - 5 scrolls of identify {unknown}
 x - a scroll of noise {unknown}
 A - a scroll of teleportation {unknown}
 D - 3 scrolls of brand weapon {unknown}
Potions
 b - 2 potions of magic
 d - 6 potions of curing {unknown}
 g - 3 potions of haste {unknown}
 i - 2 potions of invisibility {unknown}
 o - 3 potions of enlightenment {unknown}
 r - 2 potions of heal wounds {unknown}
 w - a potion of lignification {unknown}
 B - 3 potions of ambrosia {unknown}


   Skills:
 * Level 3.2 Fighting
 * Level 4.3 Dodging
 + Level 2.6 Stealth
 * Level 3.0 Shields
 + Level 4.2 Spellcasting
 + Level 3.6 Conjurations
 * Level 8.0 Air Magic
 * Level 2.1 Evocations


You had 5 spell levels left.
You knew the following spells:

 Your Spells              Type           Power      Damage    Failure   Level
a - Shock                 Conj/Air       100%       1d9       1%          1
b - Static Discharge      Conj/Air       66%        3-6/arc   1%          2
c - Swiftness             Air            43%        N/A       1%          3
d - Airstrike             Air            21%        2d(4-20)  1%          4

Your spell library contained the following spells:

 Spells                   Type           Power      Damage    Failure   Level
 Magic Dart               Conj           88%        1d7       1%          1
 Searing Ray              Conj           44%        2d6       1%          2
 Slow                     Hex            20%        N/A       4%          1
 Confusing Touch          Hex            5%         N/A       12%         3
 Sigil of Binding         Hex            5%         N/A       12%         3
 Vampiric Draining        Necr           5%         2d6       12%         3
 Fulminant Prism          Conj/Hex       6%         3d7       17%         4
 Olgreb's Toxic Radiance  Pois           5%         N/A       34%         4
 Discord                  Hex            2%         N/A       100%        8
 Ignition                 Fire           2%         3d3       100%        8
 Chain Lightning          Conj/Air       16%        3d22      100%        9
 Fire Storm               Conj/Fire      6%         8d2       100%        9
 Shatter                  Erth           2%         3d6*      100%        9


Dungeon Overview and Level Annotations

Branches:
Dungeon (6/15)
 Temple: D:4-7

Altars:
Cheibriados
Qazlal
Wu Jian

Portals:
Abyss: D:4

Annotations:
D:4 1 transporter, bmb222's ghost, amateur OgWn
D:6 1 runed translucent door, Maggie


Innate Abilities, Weirdness & Mutations

You have a beak for a mouth.
You have claws for feet.
Your magical flight helps you evade attacks. (EV +4)
You can magically evade attacks while moving or waiting.


Message History

The small abomination is moderately damaged.
The lightning grounds out.
The kobold brigand hits you with a +1 short sword of distortion.
Space warps around you.
Casting: Static Discharge (safe; 1% risk of failure)
Confirm with . or Enter, or press ? or * to list all spells.
The kobold brigand is struck by an arc of lightning.
You kill the kobold brigand!
You are struck by an arc of lightning.
The ufetubus completely misses you. x2
Your Shields skill increases to level 3!
Your Air Magic skill increases to level 8!
Unknown command.
Casting: Static Discharge (safe; 1% risk of failure)
Confirm with . or Enter, or press ? or * to list all spells.
Bmb222's ghost is struck by an arc of lightning.
Bmb222's ghost is lightly damaged.
You are struck by an arc of lightning.
* * * LOW HITPOINT WARNING * * *
The ufetubus is struck by an arc of lightning.
You kill the ufetubus!
The lightning grounds out.
Bmb222's ghost hits you but does no damage.
The small abomination barely misses you.
Casting: Static Discharge (safe; 1% risk of failure)
Confirm with . or Enter, or press ? or * to list all spells.
Bmb222's ghost is struck by an arc of lightning.
Bmb222's ghost is moderately damaged.
You are struck by an arc of lightning.
The small abomination is struck by an arc of lightning.
The small abomination is moderately damaged.
You are struck by an arc of lightning.
* * * LOW HITPOINT WARNING * * *
The small abomination is struck by an arc of lightning.
The small abomination is heavily damaged.
You are struck by an arc of lightning.
* * * LOW HITPOINT WARNING * * *
The lightning grounds out.
Bmb222's ghost hits you but does no damage.
The small abomination hits you!
You die...

.# #..##.5.^.5#..#..#...#####
.#
##..#.###..##..##.##.....##
.#
##...##.#.###...##..#..##.##
.#
#.....##..#....##...#..##...
.# #.....#
#.##.###...##..#.### .#
#....##.##.###...###.....# #
.#
#.#..#).##^......#.....#.###
.#
#.#..##.#.W##.#..##....##...
##
#.#...##∩#.@x...(.##...###.#
#.#....#.#..####...##..##...
#.#...##...##©.#....#..#..#.
##.#...#.)###...###©##.......
#......####.......###...###.#
#.......................# #.#
#.##....................# #..
#.#########..#########.## #.#
#.# #....# #.## #.#


You could see a small abomination and bmb222's ghost.

Vanquished Creatures
  Grinder (D:5)
  Edmund (D:6)
  A water moccasin (D:5)
  A centaur (D:6)
  A kobold brigand (D:4)
  A scorpion (D:5)
  A howler monkey (D:5)
  6 hounds
  Crazy Yiuf (D:3)
  A gnoll bouda (D:5)
  A sleepcap (D:5)
  Ijyb (D:4)
  4 iguanas
  7 gnolls
  3 adders
  A white imp (D:6)
  An ufetubus (D:4)
  2 worms
  2 dart slugs
  3 orcs
  6 endoplasms
  2 giant cockroaches
  5 goblins
  7 hobgoblins
  4 jackals (D:4)
  4 quokkas
  7 ball pythons
  4 bats
  2 frilled lizards
  4 kobolds
  7 rats
92 creatures vanquished.

Notes
Turn   | Place    | Note
-------+----------+-------------------------------------------
     0 | D:1      | Ekaitz the Tengu Air Elementalist began the quest for the
                  | Orb.
     0 | D:1      | Reached XP level 1. HP: 10/10 MP: 4/4
   336 | D:1      | Reached XP level 2. HP: 16/16 MP: 4/6
   339 | D:1      | Learned a level 2 spell: Static Discharge
   734 | D:1      | Found a faded altar of an unknown god.
   744 | D:1      | Got Plato's Dissertation on Interference
  1168 | D:2      | Reached XP level 3. HP: 20/20 MP: 2/7
  1172 | D:2      | Learned a level 3 spell: Swiftness
  1704 | D:2      | Found a snail-covered altar of Cheibriados.
  1719 | D:2      | Reached skill level 1 in Fighting
  1902 | D:2      | Reached XP level 4. HP: 25/25 MP: 0/8
  2264 | D:3      | Reached skill level 5 in Air Magic
  2569 | D:3      | Found a snail-covered altar of Cheibriados.
  3095 | D:3      | Found a runed translucent door.
  3096 | D:3      | Noticed Crazy Yiuf
  3117 | D:3      | Killed Crazy Yiuf
  3118 | D:3      | Reached XP level 5. HP: 13/29 MP: 3/10
  3584 | D:3      | Found an ornate altar of the Wu Jian Council.
  3593 | D:3      | Found a stormy altar of Qazlal.
  3666 | D:4      | Reached skill level 1 in Shields
  4303 | D:4      | Reached XP level 6. HP: 35/35 MP: 9/11
  4394 | D:4      | Found a transporter.
  4405 | D:4      | Found a transporter.
  4415 | D:4      | Noticed a small abomination
  4441 | D:4      | Found a one-way gate to the infinite horrors of the Abyss.
  4695 | D:4      | Noticed Ijyb
  4703 | D:4      | Killed Ijyb
  4901 | D:5      | Entered Level 5 of the Dungeon
  4952 | D:5      | Noticed Grinder
  4953 | D:5      | Paralysed by Grinder for 4 turns
  4964 | D:4      | Learned a level 4 spell: Airstrike
  5068 | D:5      | Noticed a water moccasin
  5070 | D:5      | Killed a water moccasin
  5071 | D:5      | Reached skill level 6 in Air Magic
  5188 | D:5      | Identified the +0 trident of Xylaitoy {freeze, Dex+3}
  5201 | D:5      | Killed Grinder
  5202 | D:5      | Gained mutation: Your magical flight helps you evade
                  | attacks. (EV +4) [Tengu growth]
  5202 | D:5      | Reached XP level 7. HP: 40/40 MP: 1/13
  5343 | D:5      | Reached skill level 1 in Evocations
  5620 | D:5      | Reached skill level 7 in Air Magic
  5862 | D:5      | Reached XP level 8. HP: 45/45 MP: 9/15
  6210 | D:6      | Identified the ring "Jogeok" {Fire Contam Str+5}
  6439 | D:6      | Found a runed translucent door.
  6444 | D:6      | Noticed Edmund
  6452 | D:6      | Killed Edmund
  6740 | D:6      | Noticed Maggie
  6923 | D:4      | Noticed bmb222's ghost (amateur OgWn)
  6934 | D:4      | Reached skill level 8 in Air Magic
  6935 | D:4      | Mangled by a small abomination

Illustrated notes

Levels and vault maps discovered:
D:1:      dpeg_arrival_rhombi, layout_basic, shapermc_ecumenical_altar_rom_forum
D:2:      layout_loops_corners, basic_altar, supply_closet_lemuel
D:3:      layout_basic, mainiacjoe_overflow_swirl, lemuel_round_altar,
          uniq_crazy_yiuf_cottage
D:4:      layout_loops_ring, gammafunk_ghost_abyssal_escape, uniq_ijyb
D:5:      layout_basic, uniq_grinder
D:6:      layout_layer_cave, lightli_church_of_beogh, uniq_edmund, uniq_maggie,
          uniq_eustachio

Skill      XL: |  1  2  3  4  5  6  7  8 |
---------------+-------------------------+-----
Fighting       | 1 2 3 |  3.2
Air Magic      | 5 6 7 8 |  8.0
Conjurations   | 2 3 |  3.6
Shields        | 1 2 3 |  3.0
Dodging        | 3 4 |  4.3
Spellcasting   | 3 4 |  4.2
Evocations     | 1 2 |  2.1
Stealth        | |  2.6

Action                     |  1- 3 |  4- 6 |  7- 9 || total
---------------------------+-------+-------+-------++-------
  Melee: Quarterstaff      |       |     3 |     2 ||     5
         Kick              |       |     2 |     1 ||     3
         Peck              |       |     2 |       ||     2
         Trident           |       |       |     1 ||     1
   Cast: Shock             |    69 |   102 |    37 ||   208
         Static Discharge  |     1 |    14 |     9 ||    24
         Airstrike         |       |     4 |    14 ||    18
   Stab: Sleeping          |       |     1 |       ||     1
 Armour: Robe              |     6 |    35 |    24 ||    65
  Dodge: Dodged            |    10 |    19 |    30 ||    59

Table legend: (Time is in decaauts)
 A = Elapsed time spent in this place.
 B = Non-inter-level travel time spent in this place.
 C = Inter-level travel time spent in this place.
 D = Time resting spent in this place.
 E = Time spent auto-exploring this place.
 F = Levels seen in this place.
 G = Mean time per level.
                   A        B        C        D        E       F      G
               +--------+--------+--------+--------+--------+-----+--------+
         Total |   6931 |   6559 |    372 |    219 |   5574 |   6 | 1155.2 |
       Dungeon |   6931 |   6559 |    372 |    219 |   5574 |   6 | 1155.2 |
               +--------+--------+--------+--------+--------+-----+--------+

Top non-repeatable levels by time:
     D:3: 1459 daAuts
     D:4: 1356 daAuts
     D:2: 1351 daAuts
     D:5: 1247 daAuts
     D:1: 893 daAuts
     D:6: 622 daAuts
